 Crawl Stoat Soup version 0.23-s2-94-g3f65888a41 (webtiles) character file.

111 FMitz the Insei (level 4, 0/29 HPs)
             Began as a Sludge Elf Transmuter on May 4, 2023.
             Slain by an orc wizard
             ... wielding a +0 dagger
              (6 damage)
             ... on level 4 of the Dungeon on May 6, 2023.
             The game lasted 00:05:18 (3277 turns).

FMitz the Insei (Sludge Elf Transmuter)             Turns: 3277, Time: 00:05:18

Health: 0/29       AC:  5    Str: 11    XL:     4   Next: 92%
Magic:  3/8 (9)    EV: 13    Int: 14    God:
Gold:   89         SH:  0    Dex: 15    Spells: 3/9 levels left

rFire    . . .     SeeInvis .     - Unarmed
rCold    . . .     Gourm    .   (no shield)
rNeg     . . .     Faith    .   b - +0 robe
rPois    .         Spirit   .   (no helmet)
rElec    .         Warding  .   (no cloak)
rCorr    .         Reflect  .   n - +0 pair of gloves
MR       .....     Harm     .   g - +1 pair of boots
Stlth    +.........             (no amulet)
HPRegen  0.09/turn              (no ring)
MPRegen  0.11/turn              (no ring)

@: beastly appendage, 1 MP reserved for charms, 0.01 MP regen used to sustain
charms
A: horns 2
a: End Transformation, End Permanent Enchantments


You were on level 4 of the Dungeon.
You were very hungry.
You had grown temporary horns.
You visited 1 branch of the dungeon, and saw 4 of its levels.

You collected 89 gold pieces.

Inventory:

Missiles
 a - 51 arrows
Armour
 b - a +0 robe (worn)
 g - a +1 pair of boots (worn)
 n - a +0 pair of gloves (worn)
Jewellery
 e - an uncursed ring of protection from fire {unknown}
 j - an uncursed amulet of harm
 m - a -2 ring of dexterity
 q - a cursed amulet of inaccuracy {unknown}
Scrolls
 f - 2 scrolls of remove curse
 o - a scroll of magic mapping {unknown}
 r - a scroll of teleportation {unknown}
 t - a scroll of identify
 u - a scroll of enchant weapon {unknown}
Potions
 c - 2 potions of brilliance
 i - 6 potions of curing
 k - 3 potions of degeneration {unknown}
 l - a potion of resistance
 p - a potion of heal wounds
 s - a potion of mutation {unknown}
Comestibles
 d - 4 bread rations
 h - 4 meat rations


   Skills:
 - Level 2.1 Fighting
 - Level 2.4 Dodging
 - Level 5.1 Unarmed Combat
 + Level 3.0 Spellcasting
 - Level 3.2 Transmutations


You had 3 spell levels left.
You knew the following spells:

 Your Spells              Type           Power        Failure   Level  Hunger
a - Beastly Appendage     Tmut           11/50        5%          1    #......
b - Spider Form           Tmut/Pois      6/200        32%         3    ###....
c - Sticks to Snakes      Tmut           11/100       9%          2    ##.....

Your spell library contained the following spells:

 Spells                   Type           Power        Failure   Level  Hunger
 Ice Form                 Ice/Tmut       6/100        73%         4    #####..
 Blade Hands              Tmut           11/200       83%         5    ######.


Dungeon Overview and Level Annotations

Branches:
Dungeon (4/15)
 Temple: D:4-7

Altars:
Fedhas
Yredelemnul


Innate Abilities, Weirdness & Mutations

You have a pair of horns on your head.


Message History

Your ball python constricts the orc.
You hit the orc. You headbutt the orc.
You kill the orc!
Something hits you.
Your ball python bites the orc.
Your ball python constricts the orc.
The orc barely misses your ball python.
You barely miss something. Your punch misses something.
Your ball python bites the orc.
Your ball python constricts the orc.
The orc dies!
Your Spellcasting skill increases to level 3!
Something hits you.
You closely miss something. Something hits you but does no damage.
You hit something. Something hits you but does no damage.
You miss something.
You hear some strange, mumbled words.
A puff of flame appears from out of thin air!
The puff of flame hits you!
You miss something. Your headbutt misses something. Something hits you.
* * * LOW HITPOINT WARNING * * *
You closely miss something. Something hits you.
You die...

#...........#
#..........##
#........###
#.......##
#.......##
##+##....###
#..##......##
#...........+
#...S@...._.#
#..){S).....#
#...........#
#...........#
#......######
#......#
#.......
#.......


You could see 2 friendly ball pythons.

Vanquished Creatures
  4 adders
  A worm (D:2)
  A dart slug (D:1)
  3 leopard geckos
  6 orcs
  10 bats
  2 giant cockroaches
  7 goblins
  5 hobgoblins
  2 weasels (D:3)
  A ball python (D:2)
  6 frilled lizards
  6 kobolds
  7 rats
61 creatures vanquished.

Vanquished Creatures (collateral kills)
  An orc (D:4)
1 creature vanquished.

Grand Total: 62 creatures vanquished

Notes
Turn   | Place    | Note
-------+----------+-------------------------------------------
     0 | D:1      | FMitz the Sludge Elf Transmuter began the quest for the
                  | Orb.
     0 | D:1      | Reached XP level 1. HP: 13/13 MP: 4/4
   241 | D:1      | Reached XP level 2. HP: 13/18 MP: 6/6
   662 | D:1      | Reached skill level 4 in Unarmed Combat
  1050 | D:1      | Reached XP level 3. HP: 23/24 MP: 7/7
  1601 | D:2      | Reached XP level 4. HP: 27/29 MP: 7/8
  1650 | D:2      | Found a basalt altar of Yredelemnul.
  1694 | D:2      | Reached skill level 5 in Unarmed Combat
  1824 | D:2      | Learned a level 3 spell: Spider Form
  2887 | D:3      | Learned a level 2 spell: Sticks to Snakes
  3255 | D:4      | Found a blossoming altar of Fedhas.
  3277 | D:4      | Slain by an orc wizard

Vault maps used:
D:1:      dpeg_arrival_circle_labyrinth_a, solitary_fountain
D:2:      grunt_ministairs_2, yredelemnul_altar_generic
D:4:      overflow_temple_1_default, gammafunk_temple_overflow_wave

Skill      XL: |  1  2  3  4 |
---------------+-------------+-----
Unarmed Combat | 4 5 |  5.1
Fighting       | 2 |  2.1
Transmutations | 3 |  3.2
Spellcasting   | 3 |  3.0
Dodging        | |  2.4

Action                   |  1- 3 |  4- 6 || total
-------------------------+-------+-------++-------
Melee: Unarmed           |   115 |    89 ||   204
       Headbutt          |     1 |     2 ||     3
       Punch             |       |     1 ||     1
 Cast: * Beastly Appenda |    15 |    28 ||    43
       Sticks to Snakes  |       |     4 ||     4
       Spider Form       |       |     2 ||     2
  Use: Potion            |     1 |       ||     1
       Scroll            |       |     4 ||     4
 Stab: Sleeping          |     2 |       ||     2
       Distracted        |       |     1 ||     1
  Eat: Chunk             |     2 |     5 ||     7
Armor: Robe              |    40 |    15 ||    55
Dodge: Dodged            |   115 |    49 ||   164
* Casting counts for permanent charms are approximate representations of how often the player would have had to cast a non-permanent spell for the same benefits.

Table legend:
 A = Spawn XP
 B = Non-spawn XP
 C = Spawn XP percentage of total XP
 D = Spawn monster count
 E = Non-spawn monster count
 F = Spawn count percentage of total count
 G = Total turns spent on level
                    A         B        C        D         E        F      G
               +---------+---------+-------+---------+---------+-------+---------
         Total |       9 |     150 |   5.7 |       5 |      57 |   8.1 |  3277
               +---------+---------+-------+---------+---------+-------+---------
           D:1 |       1 |      49 |   2.0 |       1 |      24 |   4.0 |  1330
           D:2 |       6 |      48 |  11.1 |       3 |      14 |  17.6 |   818
           D:3 |       2 |      25 |   7.4 |       1 |      12 |   7.7 |  1022
           D:4 |       0 |      28 |   0.0 |       0 |       7 |   0.0 |   107
               +---------+---------+-------+---------+---------+-------+---------
